[Event "FRA-ch Youth 2017"]
[Site "Belfort"]
[Date "2017.04.21"]
[Round "7"]
[White "Boyer, Mahel"]
[Black "Decuigniere, Tom"]
[Result "1-0"]
[ECO "E42"]
[WhiteElo "2020"]
[BlackElo "1909"]
[Annotator "NA"]
[PlyCount "107"]
[EventDate "2017.??.??"]
[EventCountry "FRA"]
[SourceTitle "playchess.com"]
[Source "ChessBase"]
[SourceQuality "1"]
[TimeControl "5400+30"]

1. d4 Nf6 2. c4 e6 3. Nc3 {[%emt 0:00:00] Bb} Bb4 4. e3 c5 5. Nge2 b6 6. a3 Ba5 {[%emt 0:06:18] LiveBook: 896 Games} 7. Rb1 Na6 8. g3 Bb7 {[%emt 0:00:46] E42: Nimzo-Indian: Rubinstein: 4...c5 5 Ne2} 9. d5 Ne4 (9... b5 10. Bg2 bxc4 11. O-O O-O 12. e4 d6 13. Qa4 exd5 14. Nxd5 Nxd5 15. exd5 Bb6 16. Nc3 {1-0 (67) Aleksandrov,A (2568)-Nabaty,T (2644) Yerevan 2016}) 10. Bg2 Nxc3 11. Nxc3 Bxc3+ 12. bxc3 O-O 13. O-O Qf6 $146 (13... e5 14. e4 d6 15. f4 Nc7 16. a4 {1-0 (35) Dolezal,C (2439)-Valerga,D (2481) Buenos Aires 2015}) 14. Qa4 Nb8 15. e4 d6 16. f4 $11 Qe7 17. e5 f6 18. f5 exd5 19. exd6 Qxd6 20. Bf4 Qd7 21. Qd1 Rd8 22. Qg4 Na6 23. cxd5 Bxd5 24. Rbd1 Qf7 25. Rxd5 Rxd5 26. Qe2 Re8 27. Qxa6 Rdd8 28. c4 Kh8 29. Bd5 Qd7 30. Qb7 Qxb7 31. Bxb7 Rd4 32. Rc1 g5 33. fxg6 hxg6 34. h4 Rd3 35. Kf2 Rxa3 36. Rd1 Ra2+ 37. Kf3 f5 38. Bg5 Ra3+ 39. Kf4 Ra2 40. Bf6+ Kg8 41. Rd7 Rae2 42. Bd5+ R2e6 43. Rd8 Kh7 44. Bxe6 Rxd8 45. Bxd8 Kh6 46. Ke5 Kh5 47. Kd5 Kg4 48. Bc7 a6 49. Kc6 b5 50. Kxc5 bxc4 51. Kxc4 a5 52. Bf7 g5 53. hxg5 Kxg5 54. Bf4+ 1-0

[Event "FRA-ch Youth 2017"]
[Site "Belfort"]
[Date "2017.04.21"]
[Round "7"]
[White "Retailleau, Elise"]
[Black "Bruneau, Maylis"]
[Result "1-0"]
[ECO "B24"]
[WhiteElo "1946"]
[BlackElo "1794"]
[Annotator "NA"]
[PlyCount "33"]
[EventDate "2017.??.??"]
[EventCountry "FRA"]
[SourceTitle "playchess.com"]
[Source "ChessBase"]
[SourceQuality "1"]
[TimeControl "5400+30"]

1. e4 c5 2. Nc3 Nc6 3. Bb5 g6 4. Bxc6 dxc6 5. d3 Bg7 6. Be3 b6 7. Qd2 Nf6 8. h3 O-O {[%emt 0:02:29] LiveBook: 3 Games} 9. f4 Qc7 10. Nf3 Ba6 11. O-O Rad8 12. f5 e5 $16 (12... gxf5 $11 {keeps the balance.} 13. Bf4 (13. exf5 c4 $11) 13... Qd7 14. exf5 c4) 13. Qf2 Qe7 14. b3 Bc8 15. Qh4 gxf5 16. Bh6 Rd6 17. Qg5 1-0

[Event "FRA-ch Youth 2017"]
[Site "Belfort"]
[Date "2017.04.21"]
[Round "7"]
[White "Meillon, Judicael"]
[Black "Candelot, Clement"]
[Result "1/2-1/2"]
[ECO "C30"]
[WhiteElo "1884"]
[BlackElo "1839"]
[Annotator "NA"]
[PlyCount "59"]
[EventDate "2017.??.??"]
[EventCountry "FRA"]
[SourceTitle "playchess.com"]
[Source "ChessBase"]
[SourceQuality "1"]
[TimeControl "5400+30"]

1. e4 e5 2. f4 Bc5 3. Nf3 d6 4. Nc3 Bg4 5. h3 Bxf3 6. Qxf3 a6 7. d3 Nc6 8. Be3 Bxe3 9. Qxe3 Nge7 10. O-O-O Nd4 (10... d5 $11 11. Qg3 d4) 11. Ne2 c5 12. Nxd4 cxd4 13. Qg3 Qa5 $11 14. Kb1 Rg8 15. Be2 Qb5 16. Rhf1 a5 17. fxe5 dxe5 18. Qe1 Ra6 19. c4 Qc5 20. Rc1 Rb6 21. Bd1 Ng6 22. g3 Ke7 23. Ba4 Rc8 24. Bb5 Qb4 25. Qxb4+ axb4 26. Ba4 Nf8 27. c5 Rf6 28. Rxf6 gxf6 29. c6 bxc6 30. Rxc6 1/2-1/2

[Event "FRA-ch Youth 2017"]
[Site "Belfort"]
[Date "2017.04.21"]
[Round "7"]
[White "Vernet, Solene"]
[Black "Haussernot, Cecile"]
[Result "0-1"]
[ECO "A46"]
[WhiteElo "1863"]
[BlackElo "2107"]
[Annotator "NA"]
[PlyCount "74"]
[EventDate "2017.??.??"]
[EventCountry "FRA"]
[SourceTitle "playchess.com"]
[Source "ChessBase"]
[SourceQuality "1"]
[TimeControl "5400+30"]

1. d4 Nf6 2. Nf3 e6 3. g3 c5 4. Bg2 Nc6 5. O-O cxd4 6. Nxd4 Bc5 7. Nb3 {[%emt 0:04:12] LiveBook: 73 Games} Bb6 8. c4 a5 9. a4 d5 10. Na3 O-O 11. Bg5 Nb4 (11... h6 $11 12. Bf4 e5 13. cxd5 Nxd5) 12. cxd5 exd5 13. Nc2 Nxc2 14. Qxc2 h6 15. Bf4 $15 Be6 16. Rfd1 Rc8 17. Qd3 Qd7 18. Nd4 Bh3 19. Nb5 Bf5 20. Qb3 Bc2 21. Qf3 Bxd1 22. Rxd1 Qe6 23. Qd3 Rfd8 24. Rc1 Ne4 25. Nd4 Qf6 26. Rxc8 Rxc8 27. Be3 Bxd4 28. Bxd4 Rc1+ 29. Bf1 Qe6 30. Be3 Ra1 31. Kg2 Rxa4 32. Qb5 Rb4 33. Qxa5 Rxb2 34. Bd4 Rb1 35. e3 Qf5 36. f3 Ng5 37. Be2 Qh3+ 0-1

[Event "FRA-ch Youth 2017"]
[Site "Belfort"]
[Date "2017.04.21"]
[Round "7"]
[White "Razafindratsima, Timothe"]
[Black "Papadiamandis, Elliot"]
[Result "0-1"]
[ECO "B52"]
[WhiteElo "1830"]
[BlackElo "1944"]
[Annotator "NA"]
[PlyCount "136"]
[EventDate "2017.??.??"]
[EventCountry "FRA"]
[SourceTitle "playchess.com"]
[Source "ChessBase"]
[SourceQuality "1"]
[TimeControl "5400+30"]

1. e4 c5 2. Nf3 d6 3. Bb5+ Bd7 4. Bxd7+ Qxd7 5. c4 Nc6 6. d4 cxd4 7. Nxd4 Nf6 8. Nc3 g6 9. b3 Bg7 10. Bb2 {[%emt 0:00:11] LiveBook: 40 Games} O-O 11. O-O e6 {[%emt 0:09:39] B52: Sicilian: Moscow Variation with 3...Bd7} (11... Rac8 12. Re1 Rfd8 13. Nd5 Ne8 14. Qd2 e6 15. Ne3 Nf6 16. Qc2 d5 17. e5 Nh5 18. Rad1 Qe7 19. g3 Rb8 20. Bc3 Qa3 21. Rd3 a5 22. Red1 Qc5 23. Qd2 Rdc8 {½-½ (23) Yu,Y (2725)-Lu,S (2607) Shenzhen 2016}) 12. Qd2 a6 $146 (12... Rfd8 13. Rfd1 a6 14. f3 Nxd4 15. Qxd4 b5 16. cxb5 axb5 17. Qf2 b4 18. Na4 Qb5 19. Rd2 {½-½ (55) Congiu,M (2300)-Panelo Munoz,M (2418) Montcada 2015}) 13. Rad1 Rfd8 14. Kh1 Nxd4 15. Qxd4 Nd5 16. Qd2 Nxc3 17. Bxc3 Bxc3 18. Qxc3 Qc6 19. Qe3 d5 20. Qg5 d4 21. Qe5 Qd6 22. Qxd6 Rxd6 23. e5 Rd7 24. Rd3 $11 b5 25. c5 Rd5 26. b4 a5 27. a3 axb4 28. axb4 Ra4 29. Rb1 Rxe5 30. Rxd4 Re2 31. h3 Rxf2 32. Rd8+ Kg7 33. Rb8 Raa2 34. Rg1 e5 35. Kh2 e4 36. Kg3 e3 37. Re1 Rxg2+ 38. Kf3 Rh2 39. Kxe3 Rxh3+ 40. Kd4 Rd2+ 41. Ke5 Rh5+ 42. Ke4 Rh4+ 43. Ke3 Rdd4 44. Rf1 Rxb4 45. Rb7 Rbe4+ 46. Kd3 Ref4 47. Rxf4 Rxf4 48. Rxb5 Rf1 49. Kd4 Rc1 50. Ke5 h5 51. Kd6 h4 52. c6 h3 53. Rb2 g5 54. c7 g4 55. Rb4 f5 56. Rb7 Kg6 57. Rb8 h2 58. Rh8 g3 59. Rg8+ Kh7 60. Rxg3 h1=Q 61. Kd7 Qc6+ 62. Ke7 Qxc7+ 63. Kf6 Qxg3 64. Ke6 Rd1 65. Kf6 Re1 66. Kxf5 Qf3+ 67. Kg5 Rg1+ 68. Kh4 Qg4# 0-1

[Event "FRA-ch Youth 2017"]
[Site "Belfort"]
[Date "2017.04.21"]
[Round "7"]
[White "De Talance, Berenice"]
[Black "Djidjeli, Sarah"]
[Result "0-1"]
[ECO "D36"]
[WhiteElo "1757"]
[BlackElo "1934"]
[Annotator "NA"]
[PlyCount "64"]
[EventDate "2017.??.??"]
[EventCountry "FRA"]
[SourceTitle "playchess.com"]
[Source "ChessBase"]
[SourceQuality "1"]
[TimeControl "5400+30"]

1. c4 e6 2. d4 d5 3. cxd5 exd5 4. Nc3 c6 5. Qc2 Nf6 6. Bg5 Be7 7. Nf3 h6 8. Bh4 {[%emt 0:00:47] LiveBook: 17 Games} Nbd7 9. e3 O-O 10. Bd3 c5 11. h3 {[%emt 0:05:55] D36: Queen's Gambit Declined: Exchange Variation: Main line (5 Bg5 c6 6 Qc2)} (11. O-O cxd4 12. Nxd4 Ne5 13. Bf5 g6 14. Bxc8 Rxc8 15. Qb3 Ne4 16. Bg3 Nd2 17. Qxb7 Nxf1 18. Bxe5 Nd2 19. Nc6 Rxc6 20. Qxc6 Nc4 21. Bd4 {1-0 (21) Flumbort,A (2471)-Jakab,A (2442) Budapest 2003}) 11... a6 12. Ne5 $146 (12. dxc5 Nxc5 13. Be2 Nce4 14. Nxe4 dxe4 15. Nd2 g5 16. Bg3 Bb4 17. a3 Bxd2+ 18. Qxd2 Qxd2+ 19. Kxd2 {1-0 (40) Primel,D (1989)-Le Scraigne,E (1791) Angers 2008}) 12... cxd4 13. exd4 Nxe5 $1 14. dxe5 Nd7 15. Bg3 d4 16. Ne4 Qa5+ 17. Nd2 Bb4 18. a3 Nxe5 19. O-O-O $2 (19. O-O $15 Nxd3 20. axb4) 19... Nxd3+ $19 20. Qxd3 Bf5 21. Ne4 Qd5 22. f3 Rfc8+ 23. Kb1 Be6 24. b3 Bxa3 25. Ka2 Qa5 26. Ra1 Bb4+ 27. Kb1 Qb6 28. Be1 Bxe1 29. Rxe1 Bxb3 30. Qd2 Bc2+ 31. Kc1 Bxe4+ 32. Kd1 Qb3+ 0-1

[Event "FRA-ch Youth 2017"]
[Site "Belfort"]
[Date "2017.04.21"]
[Round "7"]
[White "Emmenecker, Pierre-Antoine"]
[Black "Roux, Baptiste"]
[Result "1/2-1/2"]
[ECO "B22"]
[WhiteElo "1737"]
[BlackElo "1934"]
[Annotator "NA"]
[PlyCount "139"]
[EventDate "2017.??.??"]
[EventCountry "FRA"]
[SourceTitle "playchess.com"]
[Source "ChessBase"]
[SourceQuality "1"]
[TimeControl "5400+30"]

1. e4 c5 2. c3 Nf6 3. e5 Nd5 4. d4 cxd4 5. Qxd4 e6 6. Nf3 Nc6 7. Qe4 d6 8. Bb5 Bd7 9. c4 Nb6 {[%emt 0:01:30] B22: Sicilian: 2 c3} (9... Nc7 10. exd6 Bxd6 11. O-O Nxb5 12. cxb5 Ne7 13. Nc3 Qb8 14. Rd1 Bc7 15. Qd4 Qc8 16. Qxg7 Rg8 17. Qxh7 e5 18. Ne4 Rg6 19. Nh4 Bf5 20. Nxg6 Nxg6 21. Qg8+ Nf8 22. Bh6 Ke7 23. Qg5+ {1-0 (23) Mamedyarov,S (2719)-Polgar,J (2680) Moscow 2009}) 10. Nc3 a6 11. Bg5 Qc7 12. exd6 Bxd6 13. O-O-O h6 $146 (13... O-O 14. Be3 f5 15. Qd3 Bf4 16. c5 Nb4 17. cxb6 Nxd3+ 18. Rxd3 Bxe3+ 19. fxe3 Bxb5 20. bxc7 Bxd3 {1-0 (38) Zifroni,D (2500)-Wojtkiewicz,A (2575) Kazan 1997}) 14. Be3 Bb4 15. Bxc6 Bxc6 16. Qd4 Bxc3 17. Qxc3 O-O 18. Qe5 Qxe5 19. Nxe5 Na4 (19... Nxc4 {might work better.} 20. Nxc4 Rfc8) 20. Nxc6 bxc6 21. Rd6 Rfc8 22. Kc2 Rab8 23. b3 Nb6 24. Bc5 Rb7 (24... Nd5 {keeps fighting.} 25. cxd5 cxd5) 25. Rhd1 Rcc7 26. Bxb6 Rxb6 27. Rd8+ Kh7 28. R8d7 Rbb7 29. Rxc7 Rxc7 30. Rd8 g5 31. Ra8 f5 $18 32. Re8 h5 33. Rxe6 f4 34. Kd3 Kg7 35. Rd6 a5 36. Kd4 Re7 37. Kd3 Rc7 38. Rd8 a4 39. b4 a3 40. Rd6 Rb7 41. Kc3 Re7 42. Kd2 Rb7 43. Kc3 Re7 44. b5 cxb5 45. cxb5 Re2 46. Rd2 Re1 47. Kb3 Rb1+ 48. Kxa3 Rxb5 49. Ka4 Rb1 50. Ka5 Kf6 51. a4 h4 52. f3 h3 53. gxh3 Rf1 54. Kb6 Rxf3 55. Ra2 Rxh3 56. a5 Kf5 57. a6 g4 58. a7 Rh8 59. Kc5 g3 60. hxg3 fxg3 61. a8=Q Rxa8 62. Rxa8 Ke4 63. Ra2 Kf3 64. Kd4 g2 65. Ra1 Kf2 66. Ra2+ Kf3 67. Ra3+ Kf2 68. Ra2+ Kf3 69. Rxg2 Kxg2 70. Kd5 1/2-1/2

[Event "FRA-ch Youth 2017"]
[Site "Belfort"]
[Date "2017.04.21"]
[Round "7"]
[White "Le Gouic, Brendan"]
[Black "Lever, Erwan"]
[Result "1/2-1/2"]
[ECO "A00"]
[WhiteElo "1736"]
[BlackElo "2129"]
[Annotator "NA"]
[PlyCount "131"]
[EventDate "2017.??.??"]
[EventCountry "FRA"]
[SourceTitle "playchess.com"]
[Source "ChessBase"]
[SourceQuality "1"]
[TimeControl "5400+30"]

1. g3 Nf6 2. Bg2 g6 3. c4 Bg7 4. Nc3 O-O 5. e4 d6 6. Nge2 e5 7. d4 Nbd7 {[%emt 0:00:48] LiveBook: 39 Games} 8. O-O a5 9. b3 exd4 10. Nxd4 Nc5 {[%emt 0:04:15] E68: King's Indian: Fianchetto: 6...Nbd7 7 0-0 e5 8 e4} 11. h3 Nfd7 (11... Re8 12. Re1 Nfd7 13. Be3 c6 14. Qc2 Qc7 15. Rad1 Ne5 16. f4 Ned7 17. Bf2 Ne6 18. Rd2 Nf6 19. Red1 Nc5 20. Nde2 Bf8 21. Bxc5 dxc5 22. e5 {1-0 (54) Yaksin,O (2414)-Barhudarian,R (2325) St Petersburg 2011}) 12. f4 $146 (12. Be3 Ne6 13. Rc1 Ndc5 14. Kh2 Bd7 15. f4 Nxd4 16. Bxd4 Bxd4 17. Qxd4 Bc6 18. Nd5 Bxd5 19. Qxd5 {½-½ (37) Moeller,M-Berresheim,H Worms 1992}) 12... Ne6 (12... Re8 $11 {keeps the balance.}) 13. Be3 Ndc5 14. f5 Nxd4 15. Bxd4 Be5 16. f6 c6 17. Qd2 Ne6 18. Bxe5 dxe5 19. Qf2 Qd4 $11 20. Ne2 Qxf2+ 21. Kxf2 a4 22. Ke3 Rd8 23. b4 Nd4 24. Rac1 Be6 25. a3 Nxe2 26. Kxe2 Rd4 27. Rfd1 Bxc4+ 28. Ke3 Rad8 29. Rxd4 exd4+ 30. Kf4 d3 31. Rxc4 d2 32. Bf3 d1=Q 33. Bxd1 Rxd1 34. b5 h6 35. bxc6 bxc6 36. Rxa4 g5+ 37. Kg4 Kh7 38. Rc4 Kg6 39. Rxc6 Rd3 40. h4 h5+ 41. Kh3 g4+ 42. Kg2 Rxa3 43. Rc5 Ra2+ 44. Kf1 Ra4 45. e5 Re4 46. Kf2 Kf5 47. Rc7 Rxe5 48. Rxf7 Ra5 49. Rf8 Kg6 50. Ke3 Ra3+ 51. Kf4 Rf3+ 52. Ke5 Re3+ 53. Kf4 Rf3+ 54. Ke4 Rxg3 55. f7 Rf3 56. Rg8+ Kxf7 57. Rg5 Rf1 58. Rxh5 g3 59. Rg5 Rh1 60. Rxg3 Rxh4+ 61. Kf3 Kf6 62. Kf2 Rf4+ 63. Ke2 Ke5 64. Ra3 Re4+ 65. Re3 Rxe3+ 66. Kxe3 1/2-1/2

[Event "FRA-ch Youth 2017"]
[Site "Belfort"]
[Date "2017.04.21"]
[Round "7"]
[White "Lamaze, Simon"]
[Black "Popov, Konstantin"]
[Result "0-1"]
[ECO "B40"]
[WhiteElo "1682"]
[BlackElo "2026"]
[Annotator "NA"]
[PlyCount "66"]
[EventDate "2017.??.??"]
[EventCountry "FRA"]
[SourceTitle "playchess.com"]
[Source "ChessBase"]
[SourceQuality "1"]
[TimeControl "5400+30"]

1. e4 c5 2. Nf3 e6 3. c4 Nc6 4. Nc3 d6 5. g3 Nf6 6. Bg2 Be7 7. O-O {[%emt 0:02:33] LiveBook: 4 Games} Nd4 8. d3 O-O 9. Nxd4 cxd4 10. Ne2 e5 11. f4 {[%emt 0:02:58] A36: Symmetrical English vs ...g6: 4 Bg2 Bg7} (11. Bd2 a6 12. a4 a5 13. Qc2 Nd7 14. Bh3 Nc5 15. Bxc8 Qxc8 16. b4 axb4 17. Bxb4 f5 18. Bxc5 dxc5 {0-1 (47) Greet,A (2389)-Fogarasi,T (2442) Budapest 2005}) 11... Ne8 $146 (11... Ng4 12. h3 Nf6 13. f5 Bd7 14. g4 h6 15. Qe1 b5 16. b3 bxc4 17. bxc4 Rb8 18. Bf3 Nh7 {1-0 (39) Schmitt,H (2029)-Wiedmann,J (1686) Remote email 2012}) 12. f5 Bg5 13. h4 Bxc1 14. Rxc1 Bd7 15. Kh2 b5 16. Ng1 bxc4 17. Rxc4 d5 ({Better is} 17... Qa5 $17 18. a4 Nf6) 18. Rc5 (18. exd5 $15 Nd6 19. Qe2) 18... dxe4 19. Bxe4 Rb8 20. Rf2 Nf6 21. g4 Nxe4 22. dxe4 Qxh4+ 23. Kg2 f6 24. Rc7 Rf7 25. Rxa7 {[%emt 0:01:18] [#]} Bxf5 $19 26. Rxf7 Bxe4+ 27. Kf1 Kxf7 28. Qe2 Bd5 29. b3 Rc8 30. Qd1 Qh6 31. Rc2 Qf4+ 32. Ke1 Qe4+ 33. Re2 Qxg4 0-1

[Event "FRA-ch Youth 2017"]
[Site "Belfort"]
[Date "2017.04.22"]
[Round "8"]
[White "Travadon, Loic"]
[Black "Burri, Quentin"]
[Result "0-1"]
[ECO "A28"]
[WhiteElo "2348"]
[BlackElo "2372"]
[Annotator "NA"]
[PlyCount "68"]
[EventDate "2017.??.??"]
[EventCountry "FRA"]
[SourceTitle "playchess.com"]
[Source "ChessBase"]
[SourceQuality "1"]
[TimeControl "5400+30"]

1. c4 Nf6 2. Nc3 e5 3. Nf3 Nc6 4. e3 Bb4 5. Qc2 Bxc3 6. Qxc3 Qe7 7. d4 {[%emt 0:00:05] A28: English Opening: Four Knights Variation} (7. d3 O-O 8. Be2 d5 9. cxd5 Nxd5 10. Qc2 a5 11. O-O Rd8 12. a3 a4 13. Bd2 Rd6 14. Rfe1 Bg4 15. Bc3 {1-0 (42) Neiksans,A (2613)-Van Wely,L (2668) Jurmala 2017}) 7... Ne4 8. Qd3 exd4 {[%emt 0:00:28] LiveBook: 13 Games} 9. Nxd4 O-O 10. Be2 Qb4+ 11. Kf1 Qe7 12. f3 Nc5 13. Qc3 $146 (13. Nxc6 bxc6 14. Qc3 a5 {0-1 (40) Oms Pallisse,J (2527)-Pozo Vera,S (2461) Barcelona 2011}) 13... d6 14. Nxc6 bxc6 15. Kf2 a5 16. b3 f5 17. Re1 Be6 18. Bb2 Rf6 19. Kg1 Rg6 20. Bf1 Nd7 21. g3 h5 22. Qd4 h4 23. Kf2 hxg3+ 24. hxg3 c5 25. Qf4 Nf6 26. Bd3 Rf8 27. Qh4 $2 (27. Rh1 $11) 27... Rh6 28. Bxf6 Rfxf6 29. Qg5 $19 Rh2+ 30. Kf1 Qf7 31. e4 Rh5 32. Qe3 f4 33. Qg1 fxg3 34. Kg2 Bh3+ 0-1

[Event "FRA-ch Youth 2017"]
[Site "Belfort"]
[Date "2017.04.22"]
[Round "8"]
[White "Kambrath, Yannick"]
[Black "Jrade, Willis"]
[Result "1-0"]
[ECO "A50"]
[WhiteElo "2341"]
[BlackElo "2113"]
[Annotator "NA"]
[PlyCount "89"]
[EventDate "2017.??.??"]
[EventCountry "FRA"]
[SourceTitle "playchess.com"]
[Source "ChessBase"]
[SourceQuality "1"]
[TimeControl "5400+30"]

1. d4 Nf6 2. c4 g6 3. d5 e5 {[%emt 0:12:42] E60: King's Indian: Unusual lines and Fianchetto Variation without Nc3} 4. Nc3 Bc5 5. e4 $146 (5. a3 O-O 6. Nf3 e4 7. Nd4 Re8 8. e3 c6 9. Be2 cxd5 10. cxd5 a6 11. b4 {0-1 (40) Bosboom,M (2451)-Nijboer,F (2567) Amsterdam 2002}) 5... d6 6. Be2 c6 7. Nf3 Bg4 8. O-O Nbd7 9. Rb1 a5 10. Bh6 Nh5 11. Na4 cxd5 (11... Nf4 $14) 12. Nxc5 ({But not} 12. Qxd5 $6 Nb6 13. Nxb6 (13. Qxb7 $2 Bc8 14. Qxa8 Nxa8 $19) 13... Qxb6 $14) ({White should play} 12. cxd5 $16 {Hoping for Bb5.} Bxf3 13. Bxf3) 12... Nxc5 13. cxd5 f6 14. g3 Rg8 15. Nd2 Bxe2 16. Qxe2 Qb6 17. Be3 Ng7 18. Rfc1 Qa6 19. Qxa6 Nxa6 20. Nc4 Nb4 21. a3 Na2 22. Rd1 b5 23. Nb6 Rb8 24. Ra1 f5 25. f3 Rf8 26. Kg2 Rf7 27. Rxa2 Rfb7 28. Rc1 Rxb6 29. Bxb6 Rxb6 30. Rc7 Kf8 31. b4 Ne8 32. Ra7 axb4 33. axb4 Nf6 34. Rc7 Rb8 35. Raa7 Kg8 36. Rg7+ Kh8 37. Rgf7 Nh5 38. exf5 Rc8 39. Rxh7+ Kg8 40. fxg6 e4 41. Rxh5 e3 42. Re7 Rc2+ 43. Kh3 e2 44. g7 e1=Q 45. Rh8# 1-0

[Event "FRA-ch Youth 2017"]
[Site "Belfort"]
[Date "2017.04.22"]
[Round "8"]
[White "Lamard, Guillaume"]
[Black "Kern, Nicolas"]
[Result "1-0"]
[ECO "D18"]
[WhiteElo "2307"]
[BlackElo "2085"]
[Annotator "ChessBase"]
[PlyCount "68"]
[EventDate "2017.??.??"]
[EventCountry "FRA"]
[SourceTitle "playchess.com"]
[Source "ChessBase"]
[SourceQuality "1"]
[TimeControl "5400+30"]

1. d4 d5 2. c4 c6 3. Nf3 Nf6 4. Nc3 dxc4 5. a4 Bf5 6. e3 e6 7. Bxc4 Na6 8. O-O Nb4 9. Qe2 Be7 10. e4 Bg6 11. Bf4 Qa5 12. Rfd1 O-O 13. Nd2 Qh5 14. f3 Nc2 15. g4 Qh3 16. Qf2 Nxg4 17. fxg4 Qxg4+ 18. Bg3 Nxa1 19. Rxa1 Rad8 20. Re1 Qg5 21. Nb3 Rd7 22. h4 Qh6 23. Kh2 Kh8 24. Rf1 Rdd8 25. Kh3 Bh5 26. Bf4 Qf6 27. Qe1 h6 28. Be5 Qg6 29. Rg1 Qh7 30. Rxg7 Qxg7 31. Bxg7+ Kxg7 32. e5 Rg8 33. Bd3 f5 34. exf6+ Bxf6 1-0

[Event "FRA-ch Youth 2017"]
[Site "Belfort"]
[Date "2017.04.22"]
[Round "8"]
[White "Philippe, Guillaume"]
[Black "O'Sullivan, Thomas"]
[Result "1/2-1/2"]
[ECO "A04"]
[WhiteElo "2307"]
[BlackElo "2223"]
[Annotator "NA"]
[PlyCount "82"]
[EventDate "2017.??.??"]
[EventCountry "FRA"]
[SourceTitle "playchess.com"]
[Source "ChessBase"]
[SourceQuality "1"]
[TimeControl "5400+30"]

1. Nf3 c5 2. e3 g6 3. d4 Bg7 4. dxc5 {[%emt 0:01:08] A40: Unusual replies to 1 d4} (4. c4 Nf6 5. Nc3 O-O 6. Be2 cxd4 7. exd4 d5 8. O-O Nc6 9. Bf4 dxc4 10. d5 Na5 11. Be5 Bf5 12. Qd4 Qb6 13. Rfe1 Rfd8 14. Rad1 Qxd4 15. Nxd4 Nxd5 16. Nxf5 Bxe5 17. Rxd5 Bxc3 18. Nxe7+ {1-0 (34) Ivanchuk,V (2704)-Dominguez Perez,L (2726) Beijing 2014}) 4... Qa5+ 5. Nfd2 $146 (5. c3 Qxc5 6. b4 Qc7 7. Bb2 Nf6 8. c4 a5 9. a3 axb4 10. axb4 Rxa1 11. Bxa1 Nc6 {½-½ (25) Slipak,S (2452)-Alonso,S (2508) Saenz Pena 2014}) 5... Qxc5 6. Ne4 Qc7 7. Nbc3 Nh6 8. Nd5 Qd8 9. c4 O-O 10. Be2 Nc6 11. O-O d6 12. Nec3 Bd7 13. Bd2 Rc8 14. Rc1 f5 15. b4 e6 16. Nf4 $1 Nf7 17. b5 Nce5 18. Qb3 b6 19. a4 Qc7 20. c5 dxc5 21. Nxe6 Bxe6 22. Qxe6 Kh8 23. f4 Rcd8 24. Qa2 Nd3 25. Rcd1 c4 26. Bf3 Qc5 27. a5 Nb4 28. Qb2 bxa5 29. Kh1 Nd6 30. Qa3 Nxb5 31. Qxa5 $2 (31. Nxb5 $17 Qxb5 32. Bc3) 31... Rxd2 $1 32. Rxd2 Bxc3 33. Rd8 a6 34. Rc1 Qe7 35. Rxf8+ Qxf8 36. Rxc3 Nxc3 37. Qe5+ Qg7 ({But not} 37... Kg8 $6 38. Qxc3 Qd6 39. Qxc4+ Kg7 40. h3 $16) 38. Qe8+ $11 (38. Qd5 $2 ) 38... Qg8 39. Qe5+ Qg7 40. Qe8+ Qg8 41. Qe5+ Qg7 1/2-1/2

[Event "FRA-ch Youth 2017"]
[Site "Belfort"]
[Date "2017.04.22"]
[Round "8"]
[White "Laurent-Paoli, Pierre"]
[Black "Flick, Antoine"]
[Result "0-1"]
[ECO "A11"]
[WhiteElo "2298"]
[BlackElo "2327"]
[Annotator "NA"]
[PlyCount "112"]
[EventDate "2017.??.??"]
[EventCountry "FRA"]
[SourceTitle "playchess.com"]
[Source "ChessBase"]
[SourceQuality "1"]
[TimeControl "5400+30"]

1. c4 c6 2. Nf3 d5 3. e3 Bf5 {[%emt 0:00:38] A11: English Opening: 1...c6} (3... Nf6 4. d4 Bg4 5. h3 Bf5 6. Nc3 e6 7. g4 Bg6 8. Ne5 Nbd7 9. Nxg6 hxg6 10. g5 Ng8 11. h4 Ne7 12. Bd2 Nf5 13. Qg4 a6 14. O-O-O dxc4 15. Bxc4 c5 16. dxc5 Bxc5 {1-0 (29) So,W (2822)-Shabalov,A (2556) Saint Louis 2017}) 4. Qb3 Qc7 5. cxd5 cxd5 6. Nc3 e6 {[%emt 0:01:01] LiveBook: 9 Games} 7. Nd4 Bg6 8. Qa4+ $146 (8. f4 Nf6 9. f5 Bxf5 10. Bb5+ {0-1 (35) Farley,T (2222)-Del Castilho,M (2083) Bridgetown 2005}) 8... Nd7 9. b3 Ngf6 10. Ndb5 {[%emt 0:07:45] [#]} (10. Ba3 $11 {remains equal.}) 10... Qb8 $1 11. Qh4 a6 12. Nd4 Be7 13. Bb2 Nc5 (13... e5 $17 14. Nde2 Qd6) 14. Qg3 ({White should try} 14. Qh3 $15) 14... e5 15. Nf3 Bd6 16. Qh4 Nd3+ 17. Bxd3 Bxd3 18. Rc1 O-O 19. Ne2 a5 20. a3 Re8 21. Rc3 Ba6 22. d4 exd4 $2 ({Black should try} 22... e4 $19 23. Ne5 Rc8) 23. Qxd4 Qd8 24. Qd1 Qb6 25. Nfd4 Rad8 26. Rc2 Bb8 27. O-O Qd6 28. g3 Qd7 29. Kg2 Ne4 30. Nf3 Qe6 31. Bd4 Qh6 32. Re1 Bb5 ({But not} 32... a4 33. bxa4 Bc4 34. Rb2 $11) 33. Nc3 {[%emt 0:01:18] [#]} Bd7 $1 34. Ng1 Bf5 35. Rce2 Ng5 36. h4 Ne4 37. Rb2 Qg6 38. Nce2 Bd6 $11 (38... Bg4 $17 {Threatens to win with ...Nxf2!} 39. Qa1 Rc8) 39. b4 axb4 40. axb4 Ra8 41. Nf4 Bxf4 42. exf4 Bg4 43. Qb3 Be6 44. Qf3 h5 45. Kh2 Rec8 46. Qe3 Rc4 47. Nf3 Qf5 48. Ne5 Rcc8 49. Nd3 Ra3 50. Rd1 Qg4 51. Rbb1 Rc2 52. f5 Bxf5 53. Rf1 Nd2 54. Qe8+ Kh7 55. Nf4 Nf3+ 56. Kh1 Qxg3 0-1

[Event "FRA-ch Youth 2017"]
[Site "Belfort"]
[Date "2017.04.22"]
[Round "8"]
[White "Mohammad, Fahim"]
[Black "Bressy, Theo"]
[Result "0-1"]
[ECO "A04"]
[WhiteElo "2281"]
[BlackElo "2039"]
[Annotator "NA"]
[PlyCount "128"]
[EventDate "2017.??.??"]
[EventCountry "FRA"]
[SourceTitle "playchess.com"]
[Source "ChessBase"]
[SourceQuality "1"]
[TimeControl "5400+30"]

1. Nf3 g6 2. g3 Bg7 3. Bg2 e5 4. d3 Ne7 5. O-O O-O 6. c4 d6 7. Nc3 f5 8. Qc2 {[%emt 0:07:23] A21: English Opening: 1...e5 2 Nc3} Nd7 (8... Na6 9. a3 c6 10. Rb1 Nc7 11. b4 h6 12. b5 g5 13. bxc6 bxc6 14. a4 Ne6 15. Ba3 a6 {0-1 (37) Corvi,M (2305)-Neverov,V (2507) Ortisei 2016}) 9. Rb1 Nf6 10. b4 h6 11. Bb2 g5 12. c5 Ng6 13. cxd6 cxd6 14. Qb3+ $146 (14. Nd2 Be6 15. Bxb7 {½-½ (53) Dornieden,M (2270)-Beszterczey,L (2115) Grieskirchen 1998}) 14... Kh8 15. Nd2 Rb8 16. Rbc1 b5 17. a4 a6 18. axb5 axb5 19. Qa2 Bb7 20. e4 Qd7 21. exf5 Bxg2 22. Kxg2 Qxf5 23. Nce4 $1 Qd7 24. Qa6 d5 25. Nc5 Qg4 26. f3 Qxb4 27. Ndb3 Ra8 28. Qb7 Ra2 29. Rf2 g4 30. f4 Rxb2 $2 ({Much worse is} 30... exf4 31. Ne6 Ne7 32. gxf4 $11 (32. Nxf8 Qxb3 33. Ng6+ Kh7 34. Qxe7 Rxb2 35. Nxf4 Ne4 $16)) (30... Nh5 $1 $15 {keeps the upper hand.}) 31. Rxb2 exf4 {[%emt 0:00:04] [#]} 32. Ne6 $2 (32. Ra2 $1 $18) 32... f3+ 33. Kf1 Rg8 34. Rc8 ({Better is} 34. Nxg7 $16 Qa3 35. Rd2 Rxg7 36. Qxb5) 34... Ne7 $1 35. Rxg8+ Kxg8 36. Qb8+ Kf7 $11 37. Qe5 Ng6 38. Qc7+ Ne7 39. Nxg7 Kxg7 40. Qc5 Qxc5 41. Nxc5 Kg6 42. Rxb5 Kf5 43. Rb6 Ng6 44. Kf2 Ne5 45. Ke3 h5 46. Rd6 Nf7 47. Ra6 Ke5 48. Ne6 d4+ 49. Kf2 Nd5 50. Nc5 Nb4 51. Rb6 Kd5 52. Rxb4 Kxc5 53. Rc4+ Kd5 54. Ra4 Ne5 55. Ra5+ Kd6 56. Ra6+ Kd5 57. Ra5+ Kd6 58. Ke1 Nxd3+ 59. Kd2 Nc5 60. Ra8 Kd5 61. Rh8 Kc4 62. Rxh5 Ne4+ 63. Kc2 d3+ 64. Kd1 Kd4 0-1